 Dungeon Crawl Stone Soup version 0.23.2-40-g277498a001 (webtiles) character file.

Game seed: 3601511029965826367

16875 DenSaoPin the Basher (level 12, -1/97 HPs)
             Began as a Minotaur Fighter on Oct 16, 2019.
             Was a High Priest of Okawaru.
             Killed by nerve-wracking pain
             ... invoked by a shadow imp
              (14 damage)
             ... on level 13 of the Dungeon.
             The game lasted 00:57:04 (15803 turns).

DenSaoPin the Basher (Minotaur Fighter)            Turns: 15803, Time: 00:57:05

Health: -1/97      AC: 20    Str: 27    XL:     12   Next: 13%
Magic:  14/14      EV:  5    Int: 11    God:    Okawaru [*****.]
Gold:   250        SH: 19    Dex: 11    Spells: 11/11 levels left

rFire    . . .     SeeInvis .   y - +4 flail (protect)
rCold    x . .     Gourm    .   s - +0 large shield
rNeg     . . .     Faith    .   V - +0 plate armour
rPois    .         Spirit   .   (helmet restricted)
rElec    +         Reflect  .   m - +0 cloak
rCorr    .         Harm     .   M - +0 pair of gloves
MR       .....                  u - +0 pair of boots
Stlth    ..........             (no amulet)
HPRegen  0.26/turn              n - ring of Molesy {rElec rF- Str+3 Int+5 Stlth-}
MPRegen  0.14/turn              G - ring of fire

@: no status effects
A: retaliatory headbutt, horns 2
a: Heroism, Finesse, Renounce Religion


You were on level 13 of the Dungeon.
You worshipped Okawaru.
Okawaru was extremely pleased with you.
You were not hungry.

You visited 2 branches of the dungeon, and saw 14 of its levels.

You collected 790 gold pieces.
You spent 540 gold pieces at shops.

Inventory:

Hand Weapons
 c - the +1 morningstar "Yqiegeorch" {crush, Int+3}
   (Okawaru gifted it to you on level 12 of the Dungeon)

   It inflicts extra damage upon your enemies.
   It affects your intelligence (+3).
 i - a +4 war axe
 j - a +2 falchion of holy wrath
 l - a +3 falchion of holy wrath
 y - a +4 flail of protection (weapon)
 B - a +3 trident of venom
 I - a +2 whip of freezing
 K - a +4 shortbow
Missiles
 x - 13 tomahawks (quivered)
 E - 2 steel javelins
 J - 2 throwing nets
 U - 5 needles of sleeping
 X - 8 poisoned javelins
 Z - 2 poisoned tomahawks
Armour
 m - a +0 cloak (worn)
 s - a +0 large shield (worn)
 u - a +0 pair of boots (worn)
 M - a +0 pair of gloves (worn)
 V - a +0 plate armour (worn)
 W - the +0 scale mail "Giqoos" {rF+ Dex+3}
   (You found it on level 10 of the Dungeon)

   It affects your dexterity (+3).
   It protects you from fire.
Jewellery
 n - the ring of Molesy (left hand) {rElec rF- Str+3 Int+5 Stlth-}
   (You found it on level 5 of the Dungeon)

   [ring of attention]

   It affects your strength (+3).
   It affects your intelligence (+5).
   It makes you vulnerable to fire.
   It insulates you from electricity.
   It makes you less stealthy.
 G - a ring of fire (right hand)
 N - an uncursed ring of ice
 Q - an uncursed ring of flight {unknown}
Wands
 q - a wand of polymorph (9)
 F - a wand of clouds (6)
 R - a wand of digging (3)
 T - a wand of flame (15)
Scrolls
 b - a scroll of summoning
 k - 2 scrolls of enchant weapon
 t - 3 scrolls of enchant armour
 w - 4 scrolls of amnesia
 z - a scroll of teleportation
 A - 5 scrolls of blinking
 D - a scroll of noise {unknown}
 H - a scroll of holy word {unknown}
 P - 2 scrolls of immolation {unknown}
 S - 2 scrolls of torment {unknown}
 Y - a scroll of magic mapping
Potions
 a - a potion of mutation
 d - 2 potions of might
 e - a potion of haste
 g - 2 potions of agility
 h - 2 potions of curing
 o - a potion of magic
 p - 2 potions of brilliance {unknown}
 r - a potion of resistance {unknown}
 v - a potion of lignification {unknown}
 O - a potion of flight {unknown}
Comestibles
 f - 19 rations


   Skills:
 - Level 6.9 Fighting
 - Level 4.9(10.2) Axes
 + Level 13.5(13.9) Maces & Flails
 + Level 4.0 Throwing
 + Level 12.4 Armour
 + Level 11.5 Shields
 - Level 4.1 Invocations


You had 11 spell levels left.
You didn't know any spells.
Your spell library contained the following spells:

 Spells                   Type           Power        Failure   Level  Hunger
 Corona                   Hex            #......      100%        1    ##.....
 Slow                     Hex            #.......     100%        2    ###....
 Inner Flame              Hex/Fire       #.......     100%        3    ####...
 Portal Projectile        Hex/Tloc       #.....       100%        3    ####...
 Cause Fear               Hex            #.........   100%        4    #####..
 Leda's Liquefaction      Hex/Erth       #.........   100%        4    #####..


Dungeon Overview and Level Annotations

Branches:
Dungeon (13/15)            Temple (1/1) D:7            Lair (0/6) D:8
    Orc (0/2) D:11         Vaults (0/5) D:13

Altars:
Ashenzari
Cheibriados
Elyvilon
Fedhas
Hepliaklqana
Makhleb
Nemelex Xobeh
Okawaru
Qazlal
Sif Muna
Trog
Uskayaw
Vehumet
Wu Jian
Xom
Yredelemnul
Zin
The Shining One

Shops:
D:4 =:   D:6 :   D:9 :*   D:10 !=?

Annotations:
D:12 Azrael


Innate Abilities, Weirdness & Mutations

You reflexively headbutt those who attack you in melee.
You have a pair of horns on your head.


Message History

You feel strangely unstable.
The centaur warrior shoots an arrow.
The arrow hits you but does no damage.
The centaur warrior shoots an arrow.
The arrow hits you!
* * * LOW HITPOINT WARNING * * *
The arrow burns you.
* * * LOW HITPOINT WARNING * * *
You see here an arrow.
The centaur warrior shoots an arrow.
You block the arrow.
You see here an arrow.
Your surroundings suddenly seem different.
Found 9 gold pieces.
You now have 250 gold pieces (gained 9).
A shadow imp comes into view.
The shadow imp shouts!
You hear a horrible gurgling sound!
You hear a shout! x2
Found 26 gold pieces.
Found 10 gold pieces.
Found a curved silver wand.
The shadow imp gestures at you. Pain shoots through your body!
You die...

#..# #./#
#..# ..#
#..# #..#
#..# #..#
#..# #..#
#..####..#
#.@...5..#
#........#
#........#
#$.####..#
... .....#
#..# ...
.....$.#
#..# ..#
.......#
#..# ...#
.###...#
#..###...#
#...#
#........#


You could see a shadow imp.

Vanquished Creatures
  Josephine (D:10)
  Harold (D:7)
  4 two-headed ogres
  Pikel (D:3)
  3 cyclopes
  A manticore (D:11)
  A hornet (D:12)
  Grinder (D:5)
  4 hippogriffs
  2 water elementals (D:12)
  4 wraiths
  A human (D:8)
  11 yaks
  2 wargs (D:8)
  Menkaure (D:5)
  Edmund (D:6)
  A water moccasin (D:10)
  A hell hound (D:13)
  4 orc warriors
  11 ogres
  2 sky beasts (D:9)
  4 black bears
  A necrophage (D:7)
  An eye of draining (D:9)
  5 centaurs
  Blork the orc (D:5)
  A big kobold (D:10)
  12 bullfrogs
  A wyvern skeleton (D:9)
  3 scorpions
  4 killer bees (D:12)
  4 electric eels (D:12)
  3 howler monkeys (D:10)
  4 crimson imps
  3 centaur zombies
  A bullfrog zombie (D:10)
  2 bullfrog skeletons
  4 hounds
  6 jellies
  7 orc priests
  2 centaur skeletons
  12 orc wizards
  5 iguanas
  Crazy Yiuf (D:2)
  Terence (D:2)
  Natasha (thrice) (D:3)
  11 worker ants
  A killer bee zombie (D:10)
  3 hound skeletons
  3 gnolls (D:2)
  A howler monkey skeleton (D:4)
  10 adders
  2 shadow imps (D:6)
  An ooze (D:4)
  An adder zombie (D:9)
  2 adder skeletons
  4 worms
  6 dart slugs
  4 leopard geckos
  45 orcs
  4 giant cockroaches
  7 hobgoblins
  7 jackals
  3 quokkas
  3 ball pythons
  8 bats
  6 frilled lizards
  9 goblins
  15 kobolds
  2 leopard gecko skeletons
  7 rats
314 creatures vanquished.

Vanquished Creatures (others)
  An unseen horror (D:13)
  An orc wizard (D:12)
  A hobgoblin (D:1)
3 creatures vanquished.

Grand Total: 317 creatures vanquished

Notes
Turn   | Place    | Note
-------+----------+-------------------------------------------
     0 | D:1      | DenSaoPin the Minotaur Fighter began the quest for the Orb.
     0 | D:1      | Reached XP level 1. HP: 19/19 MP: 0/0
   179 | D:1      | Reached XP level 2. HP: 26/27 MP: 1/1
  1262 | D:2      | Reached XP level 3. HP: 33/33 MP: 2/2
  1289 | D:2      | Found a runed translucent door.
  1290 | D:2      | Noticed Crazy Yiuf
  1295 | D:2      | Killed Crazy Yiuf
  1744 | D:2      | Reached XP level 4. HP: 35/41 MP: 3/3
  1978 | D:2      | Reached XP level 5. HP: 47/47 MP: 4/4
  2020 | D:2      | Found a hide-covered altar of Uskayaw.
  2089 | D:2      | Noticed Terence
  2097 | D:2      | Killed Terence
  2219 | D:2      | Found a stormy altar of Qazlal.
  2221 | D:2      | Noticed a water elemental
  2222 | D:2      | Noticed an air elemental
  2222 | D:2      | Noticed a fire elemental
  2369 | D:2      | Found a white marble altar of Elyvilon.
  2559 | D:3      | Noticed Natasha
  2571 | D:3      | Killed Natasha
  2571 | D:3      | Reached skill level 5 in Fighting
  2571 | D:3      | Reached skill level 5 in Armour
  2614 | D:3      | Noticed Natasha
  2622 | D:3      | Killed Natasha
  2892 | D:3      | Reached XP level 6. HP: 54/56 MP: 5/5
  3073 | D:3      | Found a hazy altar of Hepliaklqana.
  3321 | D:3      | Found a glowing golden altar of the Shining One.
  3364 | D:3      | Noticed Natasha
  3370 | D:3      | Killed Natasha
  3732 | D:4      | Noticed Pikel
  3732 | D:4      | Noticed a slave
  3733 | D:4      | Noticed a slave
  3733 | D:4      | Noticed a slave
  3733 | D:4      | Noticed a slave
  4056 | D:4      | Found Lelauxaf's Book Shoppe.
  4247 | D:4      | Reached skill level 1 in Maces & Flails
  4436 | D:4      | Reached skill level 2 in Maces & Flails
  4436 | D:4      | Reached XP level 7. HP: 63/63 MP: 6/6
  4749 | D:4      | Reached skill level 3 in Maces & Flails
  4984 | D:4      | Reached skill level 4 in Maces & Flails
  4992 | D:4      | Found a snail-covered altar of Cheibriados.
  5054 | D:4      | Found Qubupoump's Jewellery Emporium.
  5207 | D:5      | Entered Level 5 of the Dungeon
  5207 | D:5      | Noticed Menkaure
  5215 | D:5      | Killed Menkaure
  5531 | D:5      | Reached skill level 5 in Maces & Flails
  5532 | D:5      | Reached XP level 8. HP: 38/71 MP: 7/7
  5730 | D:5      | Got a sparkling amber ring
  5750 | D:5      | Identified the ring of Molesy {rElec rF- Str+3 Int+5
                  | Stlth-} (You found it on level 5 of the Dungeon)
  5870 | D:5      | Noticed Grinder
  5876 | D:5      | Killed Grinder
  5876 | D:5      | Reached skill level 6 in Maces & Flails
  5876 | D:5      | Reached skill level 5 in Shields
  5913 | D:5      | Noticed Blork the orc
  5920 | D:5      | Killed Blork the orc
  6393 | D:6      | Reached skill level 7 in Maces & Flails
  6394 | D:6      | Found Ligi's Book Boutique.
  7554 | D:6      | Noticed Edmund
  7569 | D:6      | Killed Edmund
  7569 | D:6      | Reached skill level 8 in Maces & Flails
  7569 | D:6      | Reached XP level 9. HP: 77/78 MP: 8/8
  7989 | D:3      | Killed Pikel
  8071 | D:7      | Noticed Harold
  8085 | D:7      | Reached skill level 9 in Maces & Flails
  8088 | D:7      | Killed Harold
  8088 | D:7      | Reached skill level 10 in Maces & Flails
  8740 | D:7      | Found a deep blue altar of Sif Muna.
  8800 | D:7      | Found a staircase to the Ecumenical Temple.
  9062 | D:7      | Found an ornate altar of the Wu Jian Council.
  9080 | D:7      | Noticed a cyclops
  9089 | D:7      | Killed a cyclops
  9089 | D:7      | Reached XP level 10. HP: 29/84 MP: 9/9
  9558 | Temple   | Entered the Ecumenical Temple
  9565 | Temple   | Became a worshipper of Warmaster Okawaru
  9583 | D:8      | Noticed a two-headed ogre
  9597 | D:8      | Killed a two-headed ogre
  9597 | D:8      | Reached skill level 11 in Maces & Flails
  9969 | D:8      | Found a staircase to the Lair.
  9983 | D:8      | Reached * piety under Okawaru
  9983 | D:8      | Reached skill level 10 in Armour
  9997 | D:8      | Reached skill level 1 in Invocations
 10519 | D:9      | Found a glowing silver altar of Zin.
 10538 | D:9      | Reached ** piety under Okawaru
 10692 | D:9      | Reached skill level 12 in Maces & Flails
 10716 | D:9      | Noticed a two-headed ogre
 10730 | D:9      | Killed a two-headed ogre
 10735 | D:9      | Reached *** piety under Okawaru
 10857 | D:9      | Found Posumew's Book Shop.
 10914 | D:9      | Found Edaofu's Assorted Antiques.
 10919 | D:9      | Bought a jewelled chain mail for 294 gold pieces
 10929 | D:9      | Identified the cursed +0 chain mail of the Doldrums {rElec
                  | MR+ Str-2} (You bought it in a shop on level 9 of the
                  | Dungeon)
 11023 | D:10     | Entered Level 10 of the Dungeon
 11023 | D:10     | Noticed Josephine
 11116 | D:9      | Reached XP level 11. HP: 91/91 MP: 12/12
 11645 | D:10     | Found Oplafu's Magic Scroll Boutique.
 11645 | D:10     | Found Nuegec's Distillery.
 11815 | D:10     | Killed Josephine
 11822 | D:10     | Reached skill level 10 in Shields
 11868 | D:10     | Reached **** piety under Okawaru
 11916 | D:10     | Bought a scroll of blinking for 90 gold pieces
 11916 | D:10     | Bought a scroll of teleportation for 36 gold pieces
 11923 | D:10     | Bought a potion of haste for 120 gold pieces
 12117 | D:10     | Got a shimmering scale mail
 12128 | D:10     | Identified the cursed +0 scale mail "Giqoos" {rF+ Dex+3}
                  | (You found it on level 10 of the Dungeon)
 12134 | D:10     | Found Matre's Jewellery Boutique.
 12139 | D:10     | Received a gift from Okawaru
 12379 | D:11     | Received a gift from Okawaru
 12621 | D:11     | Found a staircase to the Orcish Mines.
 12634 | D:11     | Noticed a two-headed ogre
 12649 | D:11     | Killed a two-headed ogre
 12649 | D:11     | Reached skill level 1 in Throwing
 12737 | D:11     | Reached skill level 13 in Maces & Flails
 12971 | D:11     | Reached ***** piety under Okawaru
 13201 | D:11     | Received a gift from Okawaru
 15148 | D:12     | Reached XP level 12. HP: 84/97 MP: 14/14
 15179 | D:12     | Received a gift from Okawaru
 15182 | D:12     | Got an iridescent morningstar {god gift}
 15183 | D:12     | Identified the +1 morningstar "Yqiegeorch" {crush, Int+3}
                  | (Okawaru gifted it to you on level 12 of the Dungeon)
 15345 | D:12     | Noticed Azrael
 15703 | D:13     | Noticed a two-headed ogre
 15712 | D:13     | Killed a two-headed ogre
 15768 | D:13     | Found a gate to the Vaults.
 15768 | D:13     | Noticed a vault guard
 15768 | D:13     | Noticed a vault guard
 15768 | D:13     | Noticed a vault guard
 15768 | D:13     | Noticed a centaur warrior
 15768 | D:13     | Noticed an eight-headed hydra
 15768 | D:13     | Noticed a vault guard
 15803 | D:13     | Killed from afar by a shadow imp

Skill      XL: |  1  2  3  4  5  6  7  8  9 10 11 12 |
---------------+-------------------------------------+-----
Fighting       | 4 5 6 |  6.9
Shields        | 4 6 8 9 11 | 11.5
Armour         | 4 5 6 8 9 10 12 | 12.4
Axes           | 3 4 |  4.9
Maces & Flails | 2 5 8 10 12 13 | 13.5
Invocations    | 3 4 |  4.1
Throwing       | 3 4 |  4.0

Action                   |  1- 3 |  4- 6 |  7- 9 | 10-12 || total
-------------------------+-------+-------+-------+-------++-------
Melee: War axe           |    64 |   181 |       |       ||   245
       Headbutt          |    10 |    32 |    51 |   142 ||   235
       Flail             |       |    40 |   193 |   600 ||   833
       Morningstar       |       |       |       |    39 ||    39
  Use: Scroll            |       |     7 |       |    12 ||    19
       Potion            |       |       |       |     3 ||     3
  Eat: Chunk             |     2 |    10 |    10 |    23 ||    45
       Ration            |       |       |     1 |       ||     1
Armor: Scale mail        |    20 |    90 |    67 |   122 ||   299
       Plate armour      |       |       |       |   132 ||   132
Dodge: Dodged            |    12 |    47 |    33 |   102 ||   194
Block: Shield            |    31 |   114 |    11 |       ||   156
       Large shield      |       |       |   136 |   581 ||   717
